Flyers vs Blackhawks

Created - 9 février 2018 at 20:20

Goals
1 2 3 T
Flyers 1 0 1 2
Blackhawks 0 0 1 1
Shots
1 2 3 T
Flyers 8 18 13 39
Blackhawks 13 13 7 33

1st period

1. Flyers , Filip Forsberg 16 (Patrick Kane 23, Vincent Trocheck 21) at 3:39

Penalties :
Frederik Andersen (CHI) for Delaying the game (Minor) at 7:40 - Brandon Davidson served the penalty

2nd period

No Goal

Penalties :
No Penalty

3rd period

2. Blackhawks , Alexander Steen 6 (Zach Parise 21) at 6:07
3. Flyers , Filip Forsberg 17 (Patrick Kane 24, Evgeni Malkin 28) at 15:22

Penalties :
Eric Staal (CHI) for Holding (Minor) at 18:54

Goalie Stats

Matt Murray (PHI), 32 saves from 33 shots - (0,970), W, 24-12-2, 60:00 minutes
Frederik Andersen (CHI), 37 saves from 39 shots - (0,949), L, 17-16-7, 60:00 minutes

Players Stats for Flyers

Player Name              G  A  P  +/- PIM S  H  SB GA TA FO     MP     PP MP  PK MP  
------------------------------------------------------------------------------------
Brandon Carlo            0  0  0   0  0   0  6  2  0  1  0/0    18:32   0:00   0:00 
Brendan Perlini          0  0  0   0  0   0  1  0  1  0  0/1     9:01   0:00   0:00 
Calle Jarnkrok           0  0  0   0  0   1  0  0  0  0  1/1    14:38   0:00   0:00 
Casey Cizikas            0  0  0   0  0   3  0  0  4  0  10/12  14:38   0:00   0:00 
Charlie Coyle            0  0  0   0  0   2  2  0  2  1  0/0    14:38   0:00   0:00 
Darnell Nurse            0  0  0   1  0   0  3  2  0  1  0/0    17:01   0:00   0:00 
Elias Lindholm           0  0  0   0  0   0  0  1  1  1  1/1    17:03   1:24   0:00 
Evgeni Malkin            0  1  1   1  0   1  0  0  1  0  15/24  19:17   1:40   0:00 
Filip Forsberg           2  0  2   1  0   4  0  0  0  1  2/3    19:23   1:40   0:00 
Ivan Barbashev           0  0  0   0  0   1  0  0  0  0  1/1     9:01   0:00   0:00 
Justin Faulk             0  0  0   0  0   1  1  1  0  1  0/0    20:29   1:41   0:00 
Leon Draisaitl           0  0  0   0  0   5  0  0  0  0  2/2    16:58   1:24   0:00 
Michael Matheson         0  0  0   1  0   1  2  1  0  0  0/0    18:58   1:41   0:00 
P.K. Subban              0  0  0   0  0   0  1  0  0  3  0/0    22:30   1:23   0:00 
Patrick Kane             0  2  2   1  0   7  0  1  3  0  1/1    19:18   1:40   0:00 
TJ Brodie                0  0  0   0  0   0  1  2  0  1  0/0    22:30   1:23   0:00 
Travis Konecny           0  0  0   0  0   8  0  1  2  1  0/0     9:01   0:00   0:00 
Vincent Trocheck         0  1  1   0  0   5  1  0  0  0  4/10   17:03   1:24   0:00 

Players Stats for Blackhawks

Player Name              G  A  P  +/- PIM S  H  SB GA TA FO     MP     PP MP  PK MP  
------------------------------------------------------------------------------------
Alexander Steen          1  0  1   1  0   6  0  0  0  0  10/25  18:27   0:00   1:09 
Andrew Shaw              0  0  0   1  0   1  1  0  0  0  0/2    17:17   0:00   0:03 
Andy Greene              0  0  0  -1  0   3  2  1  0  1  0/0    21:39   0:00   1:14 
Brandon Davidson         0  0  0  -1  0   0  3  0  0  1  0/0    14:39   0:00   0:00 
Brett Connolly           0  0  0   0  0   1  0  0  2  0  0/0     8:54   0:00   0:00 
Cam Atkinson             0  0  0  -1  0   1  1  0  2  1  1/2    19:11   0:00   0:32 
Carl Hagelin             0  0  0  -1  0   1  1  0  1  1  0/0    12:09   0:00   0:00 
Chris Kunitz             0  0  0   0  0   3  1  0  0  0  0/1    10:23   0:00   1:29 
Derek Forbort            0  0  0  -1  0   2  0  1  0  0  0/0    14:35   0:00   0:00 
Eric Staal               0  0  0  -1  2   1  2  0  0  0  4/14   19:37   0:00   1:03 
Henrik Zetterberg        0  0  0  -1  0   5  0  0  1  1  0/0    20:27   0:00   1:52 
Marc Methot              0  0  0  -1  0   0  0  3  1  2  0/0    21:39   0:00   1:14 
Niklas Hjalmarsson       0  0  0   1  0   0  1  0  0  3  0/0    23:46   0:00   1:50 
Ryan Ellis               0  0  0   1  0   1  0  1  2  2  0/0    23:46   0:00   1:50 
Sven Andrighetto         0  0  0  -1  0   0  2  0  1  0  0/0    12:09   0:00   0:00 
Vladislav Namestnikov    0  0  0   0  0   2  0  1  0  0  2/3     8:54   0:00   0:00 
Yanni Gourde             0  0  0  -1  0   1  2  0  0  1  2/8    12:09   0:00   0:00 
Zach Parise              0  1  1   1  0   5  0  0  1  1  0/1    17:14   0:00   0:00 

3 Stars

1 - Matt Murray (PHI)
2 - Filip Forsberg (PHI)
3 - Frederik Andersen (CHI)

Power Play

Flyers - 0 on 2 Attempt(s) - 0,00%
Blackhawks - 0 on 1 Attempt(s) - 0,00%

Penalty Kill

Flyers - 1 on 1 Attempt(s) - 100,00% - Score 0 goal in Penalty Kill
Blackhawks - 2 on 2 Attempt(s) - 100,00% - Score 0 goal in Penalty Kill

Team Stat

Flyers - Hits : 18 - Faceoff Wins : 37 - Blocked Shots : 11 - Penalty Minutes : 0
Blackhawks - Hits : 16 - Faceoff Wins : 19 - Blocked Shots : 7 - Penalty Minutes : 4

Official

Referees : Wes McCauley and Steve Kozari
Linesman : Trent Knorr and Pierre Racicot

Game Notes

15:23 of 1st period - Penalty Shot by Patrick Kane for Flyers - Stopped by Frederik Andersen

Finance

Level 1 -- Attendance: 4844 (80,73%) -- Ticket Income 484 400 $
Level 2 -- Attendance: 4752 (95,04%) -- Ticket Income 285 120 $
Level 3 -- Attendance: 1763 (88,15%) -- Ticket Income 61 705 $
Level 4 -- Attendance: 4000 (100,00%) -- Ticket Income 80 000 $
Luxury Box -- Attendance: 759 (75,90%) -- Ticket Income 151 800 $
Game was played at the United Center.
Total Attendance: 16118 (89,54%)
Total Ticket Income: 1 063 025 $
Other Income: 520 882 $
Total Income: 1 583 907 $

Flyers

5 vs 5 Forward 
   Center                   Left Wing                Right Wing               Time % Phy DF OF 
 1 Evgeni Malkin            Patrick Kane             Filip Forsberg           33     0   3  2  
 2 Vincent Trocheck         Leon Draisaitl           Elias Lindholm           30     0   1  4  
 3 Casey Cizikas            Calle Jarnkrok           Charlie Coyle            27     0   3  2  
 4 Ivan Barbashev           Brendan Perlini          Travis Konecny           10     0   4  1  

5 vs 5 Defense 
   Defense                  Defense                                           Time % Phy DF OF 
 1 P.K. Subban              TJ Brodie                                         37     0   4  1  
 2 Justin Faulk             Brandon Carlo                                     34     0   4  1  
 3 Darnell Nurse            Michael Matheson                                  29     0   4  1  
 4 P.K. Subban              Michael Matheson                                  0      1   2  2  

PowerPlay Forward 
   Center                   Left Wing                Right Wing               Time % Phy DF OF 
 1 Evgeni Malkin            Patrick Kane             Filip Forsberg           60     0   0  5  
 2 Vincent Trocheck         Leon Draisaitl           Elias Lindholm           40     0   0  5  

PowerPlay Defense
   Defense                  Defense                                           Time % Phy DF OF 
 1 P.K. Subban              TJ Brodie                                         60     0   1  4  
 2 Justin Faulk             Michael Matheson                                  40     0   1  4  

Penalty Kill 4 Players Forward 
   Center                   Wing                     Time % Phy DF OF 
 1 Elias Lindholm           Casey Cizikas            60     0   5  0  
 2 Vincent Trocheck         Calle Jarnkrok           40     0   5  0  

Penalty Kill 4 Players Defense
   Defense                  Defense                  Time % Phy DF OF 
 1 Justin Faulk             Brandon Carlo            60     0   5  0  
 2 TJ Brodie                Michael Matheson         40     0   5  0  

Penalty Kill - 3 Players Forward 
   Forward                                           Time % Phy DF OF 
 1 Casey Cizikas                                     60     0   5  0  
 2 Calle Jarnkrok                                    40     0   5  0  

Penalty Kill - 3 Players Defense
   Defense                  Defense                  Time % Phy DF OF 
 1 Justin Faulk             Brandon Carlo            60     0   5  0  
 2 TJ Brodie                Michael Matheson         40     0   5  0  

4 vs 4 Forward 
   Center                   Wing                     Time % Phy DF OF 
 1 Evgeni Malkin            Patrick Kane             60     0   4  1  
 2 Vincent Trocheck         Leon Draisaitl           40     0   4  1  

4 vs 4 Defense
   Defense                  Defense                  Time % Phy DF OF 
 1 P.K. Subban              TJ Brodie                60     0   4  1  
 2 Justin Faulk             Brandon Carlo            40     0   4  1  

Last Minutes Offensive
   Center                   Left Wing                Right Wing               Defense                  Defense                  
   Evgeni Malkin            Patrick Kane             Vincent Trocheck         P.K. Subban              Justin Faulk             

Last Minutes Defensive
   Center                   Left Wing                Right Wing               Defense                  Defense                  
   Elias Lindholm           Filip Forsberg           Vincent Trocheck         P.K. Subban              Brandon Carlo            

Goaltenders
Starting : Matt Murray              
Backup : Tristan Jarry            

Extra Forwards
Normal : Elias Lindholm, Calle Jarnkrok, Travis Konecny - PP : Charlie Coyle, Calle Jarnkrok - PK : Calle Jarnkrok
Extra Defensemen
Normal : Michael Matheson, Darnell Nurse, Justin Faulk - PP : Darnell Nurse - PK : P.K. Subban, Justin Faulk
Penalty Shots
Evgeni Malkin, Patrick Kane, Vincent Trocheck, Leon Draisaitl, Filip Forsberg
Custom OT Lines Forwards
Evgeni Malkin, Patrick Kane, Vincent Trocheck, Leon Draisaitl, Filip Forsberg, Elias Lindholm, Calle Jarnkrok, Charlie Coyle, Brendan Perlini, Travis Konecny
Custom OT Lines Defensemen
P.K. Subban, TJ Brodie, Justin Faulk, Michael Matheson, Brandon Carlo

Scratches
Artturi Lehkonen (Healthy), Borna Rendulic (Healthy)

Blackhawks

5 vs 5 Forward 
   Center                   Left Wing                Right Wing               Time % Phy DF OF 
 1 Eric Staal               Henrik Zetterberg        Cam Atkinson             35     0   1  4  
 2 Alexander Steen          Zach Parise              Andrew Shaw              33     0   2  3  
 3 Yanni Gourde             Carl Hagelin             Sven Andrighetto         22     0   2  3  
 4 Vladislav Namestnikov    Chris Kunitz             Brett Connolly           10     1   2  2  

5 vs 5 Defense 
   Defense                  Defense                                           Time % Phy DF OF 
 1 Ryan Ellis               Niklas Hjalmarsson                                40     0   2  3  
 2 Marc Methot              Andy Greene                                       37     0   2  3  
 3 Derek Forbort            Brandon Davidson                                  23     0   2  3  
 4 Ryan Ellis               Niklas Hjalmarsson                                0      1   2  2  

PowerPlay Forward 
   Center                   Left Wing                Right Wing               Time % Phy DF OF 
 1 Eric Staal               Henrik Zetterberg        Cam Atkinson             60     0   0  5  
 2 Alexander Steen          Zach Parise              Andrew Shaw              40     0   0  5  

PowerPlay Defense
   Defense                  Defense                                           Time % Phy DF OF 
 1 Ryan Ellis               Niklas Hjalmarsson                                60     0   1  4  
 2 Marc Methot              Andy Greene                                       40     0   1  4  

Penalty Kill 4 Players Forward 
   Center                   Wing                     Time % Phy DF OF 
 1 Eric Staal               Henrik Zetterberg        60     0   5  0  
 2 Alexander Steen          Cam Atkinson             40     0   5  0  

Penalty Kill 4 Players Defense
   Defense                  Defense                  Time % Phy DF OF 
 1 Ryan Ellis               Niklas Hjalmarsson       60     0   5  0  
 2 Marc Methot              Andy Greene              40     0   5  0  

Penalty Kill - 3 Players Forward 
   Forward                                           Time % Phy DF OF 
 1 Eric Staal                                        60     1   2  2  
 2 Henrik Zetterberg                                 40     1   2  2  

Penalty Kill - 3 Players Defense
   Defense                  Defense                  Time % Phy DF OF 
 1 Ryan Ellis               Niklas Hjalmarsson       60     1   2  2  
 2 Marc Methot              Andy Greene              40     1   2  2  

4 vs 4 Forward 
   Center                   Wing                     Time % Phy DF OF 
 1 Eric Staal               Henrik Zetterberg        60     1   2  2  
 2 Alexander Steen          Cam Atkinson             40     1   2  2  

4 vs 4 Defense
   Defense                  Defense                  Time % Phy DF OF 
 1 Ryan Ellis               Niklas Hjalmarsson       60     1   2  2  
 2 Marc Methot              Andy Greene              40     1   2  2  

Last Minutes Offensive
   Center                   Left Wing                Right Wing               Defense                  Defense                  
   Eric Staal               Henrik Zetterberg        Cam Atkinson             Ryan Ellis               Niklas Hjalmarsson       

Last Minutes Defensive
   Center                   Left Wing                Right Wing               Defense                  Defense                  
   Eric Staal               Henrik Zetterberg        Cam Atkinson             Ryan Ellis               Niklas Hjalmarsson       

Goaltenders
Starting : Frederik Andersen        
Backup : Mike Condon              

Extra Forwards
Normal : Yanni Gourde, Carl Hagelin, Chris Kunitz - PP : Yanni Gourde, Carl Hagelin - PK : Chris Kunitz
Extra Defensemen
Normal : Derek Forbort, Brandon Davidson, Marc Methot - PP : Derek Forbort - PK : Brandon Davidson, Marc Methot
Penalty Shots
Eric Staal, Henrik Zetterberg, Alexander Steen, Cam Atkinson, Zach Parise
Custom OT Lines Forwards
Eric Staal, Henrik Zetterberg, Alexander Steen, Cam Atkinson, Zach Parise, Yanni Gourde, Andrew Shaw, Carl Hagelin, Chris Kunitz, Vladislav Namestnikov
Custom OT Lines Defensemen
Ryan Ellis, Niklas Hjalmarsson, Marc Methot, Andy Greene, Derek Forbort

Scratches
Tanner Glass (Healthy)

% Time on Ice - Flyers

Lines # - Real PCT - Wanted PCT - Time Play
Normal Forward
1 - 31% - 33% - 17:38
2 - 27% - 30% - 15:34
3 - 26% - 27% - 14:38
4 - 16% - 10% - 9:01
Normal Defense
1 - 37% - 37% - 21:02
2 - 33% - 34% - 18:48
3 - 30% - 29% - 17:01
4 - 0% - 0% - 0:00
PP Forward
1 - 54% - 60% - 1:40
2 - 46% - 40% - 1:24
PP Defense
1 - 45% - 60% - 1:23
2 - 55% - 40% - 1:41
PK Forward
1 - 0% - 60%
2 - 0% - 40%
PK Defense
1 - 0% - 60%
2 - 0% - 40%
PK3 Forward
1 - 0% - 60%
2 - 0% - 40%
PK3 Defense
1 - 0% - 60%
2 - 0% - 40%
44 Forward
1 - 0% - 60%
2 - 0% - 40%
44 Defense
1 - 0% - 60%
2 - 0% - 40%
Last Minute Offensive  - 0:00
Last Minute Defensive  - 0:05
Total
Forward - 60:00
Defense - 60:00

% Time on Ice - Blackhawks

Lines # - Real PCT - Wanted PCT - Time Play
Normal Forward
1 - 32% - 35% - 18:27
2 - 30% - 33% - 17:18
3 - 21% - 22% - 12:09
4 - 16% - 10% - 8:54
Normal Defense
1 - 39% - 40% - 21:56
2 - 36% - 37% - 20:17
3 - 26% - 23% - 14:35
4 - 0% - 0% - 0:00
PP Forward
1 - 0% - 60%
2 - 0% - 40%
PP Defense
1 - 0% - 60%
2 - 0% - 40%
PK Forward
1 - 83% - 60% - 2:32
2 - 17% - 40% - 0:32
PK Defense
1 - 60% - 60% - 1:50
2 - 40% - 40% - 1:14
PK3 Forward
1 - 0% - 60%
2 - 0% - 40%
PK3 Defense
1 - 0% - 60%
2 - 0% - 40%
44 Forward
1 - 0% - 60%
2 - 0% - 40%
44 Defense
1 - 0% - 60%
2 - 0% - 40%
Last Minute Offensive  - 0:08
Last Minute Defensive  - 0:00
Total
Forward - 60:00
Defense - 60:00

Play by Play

1st period


0:01 of 1st period - Evgeni Malkin wins face-off versus Eric Staal in neutral zone.
0:38 of 1st period - Snap shot by Yanni Gourde.
0:38 of 1st period - Stopped by Matt Murray with a rebound.
0:40 of 1st period - Slapshot by Niklas Hjalmarsson.
0:40 of 1st period - Shot Misses the Net.
1:12 of 1st period - Marc Methot is hit by TJ Brodie and loses puck.
1:40 of 1st period - Off-side.
1:41 of 1st period - Casey Cizikas wins face-off versus Yanni Gourde in neutral zone.
2:06 of 1st period - Zach Parise is hit by Michael Matheson and loses puck.
2:35 of 1st period - Cam Atkinson is hit by Brandon Carlo and loses puck.
2:52 of 1st period - Off-side.
2:53 of 1st period - Casey Cizikas wins face-off versus Yanni Gourde in neutral zone.
3:37 of 1st period - Snap shot by Patrick Kane.
3:37 of 1st period - Stopped by Frederik Andersen with a rebound.
3:39 of 1st period - Slapshot by Filip Forsberg.
3:39 of 1st period - Goal by Filip Forsberg - Flyers : 1 - Blackhawks : 0.
3:40 of 1st period - Eric Staal wins face-off versus Vincent Trocheck in neutral zone.
3:49 of 1st period - Slapshot by Eric Staal.
3:49 of 1st period - Shot Blocked by Brandon Carlo.
3:51 of 1st period - Snap shot by Henrik Zetterberg.
3:51 of 1st period - Shot Misses the Net.
3:53 of 1st period - Snap shot by Cam Atkinson.
3:53 of 1st period - Stopped by Matt Murray without a rebound.
3:54 of 1st period - Alexander Steen wins face-off versus Evgeni Malkin in Flyers zone.
4:48 of 1st period - Slapshot by Travis Konecny.
4:48 of 1st period - Shot Misses the Net.
5:38 of 1st period - Backhand shot by Evgeni Malkin.
5:38 of 1st period - Deflect By Filip Forsberg.
5:38 of 1st period - Stopped by Frederik Andersen with a rebound.
6:49 of 1st period - Off-side.
6:50 of 1st period - Alexander Steen wins face-off versus Evgeni Malkin in neutral zone.
6:55 of 1st period - Wrist shot by Zach Parise.
6:55 of 1st period - Shot Blocked by Michael Matheson.
6:57 of 1st period - Snap shot by Zach Parise.
6:57 of 1st period - Stopped by Matt Murray with a rebound.
7:03 of 1st period - Wrist shot by Zach Parise.
7:03 of 1st period - Shot Misses the Net.
7:38 of 1st period - Snap shot by Vincent Trocheck.
7:38 of 1st period - Shot Misses the Net.
7:40 of 1st period - Backhand shot by Michael Matheson.
7:40 of 1st period - Stopped by Frederik Andersen without a rebound.
7:40 of 1st period - Minor Penalty to Frederik Andersen for Delaying the game.
7:41 of 1st period - Patrick Kane wins face-off versus Eric Staal in Blackhawks zone.
9:40 of 1st period - Penalty to Brandon Davidson is over, Brandon Davidson is back on ice.
9:55 of 1st period - Snap shot by Carl Hagelin.
9:55 of 1st period - Stopped by Matt Murray without a rebound.
9:56 of 1st period - Casey Cizikas wins face-off versus Yanni Gourde in Flyers zone.
9:56 of 1st period - Casey Cizikas is hit by Brandon Davidson.
10:12 of 1st period - Snap shot by Casey Cizikas.
10:12 of 1st period - Shot Misses the Net.
10:38 of 1st period - Brandon Davidson is hit by P.K. Subban and loses puck.
11:09 of 1st period - Niklas Hjalmarsson is hit by Charlie Coyle and loses puck.
11:15 of 1st period - Off-side.
11:16 of 1st period - Casey Cizikas wins face-off versus Eric Staal in neutral zone.
11:19 of 1st period - Snap shot by Charlie Coyle.
11:19 of 1st period - Shot Misses the Net.
11:21 of 1st period - Snap shot by Calle Jarnkrok.
11:21 of 1st period - Shot Misses the Net.
11:43 of 1st period - Andrew Shaw is hit by Darnell Nurse and loses puck.
11:48 of 1st period - Slapshot by Vincent Trocheck.
11:48 of 1st period - Shot Misses the Net.
12:04 of 1st period - Snap shot by Carl Hagelin.
12:04 of 1st period - Shot Misses the Net.
13:04 of 1st period - Slapshot by Alexander Steen.
13:04 of 1st period - Stopped by Matt Murray with a rebound.
13:06 of 1st period - Snap shot by Zach Parise.
13:06 of 1st period - Shot Misses the Net.
13:08 of 1st period - Slapshot by Derek Forbort.
13:08 of 1st period - Stopped by Matt Murray with a rebound.
13:10 of 1st period - Slapshot by Brandon Davidson.
13:10 of 1st period - Shot Blocked by Justin Faulk.
13:12 of 1st period - Snap shot by Zach Parise.
13:12 of 1st period - Shot Blocked by Patrick Kane.
13:14 of 1st period - Slapshot by Derek Forbort.
13:14 of 1st period - Stopped by Matt Murray without a rebound.
13:15 of 1st period - Vincent Trocheck wins face-off versus Eric Staal in Flyers zone.
13:51 of 1st period - Snap shot by Alexander Steen.
13:51 of 1st period - Shot Misses the Net.
13:53 of 1st period - Wrist shot by Zach Parise.
13:53 of 1st period - Stopped by Matt Murray without a rebound.
13:54 of 1st period - Casey Cizikas wins face-off versus Alexander Steen in Flyers zone.
14:01 of 1st period - Slapshot by Charlie Coyle.
14:01 of 1st period - Stopped by Frederik Andersen with a rebound.
14:19 of 1st period - TJ Brodie is hit by Sven Andrighetto and loses puck.
15:15 of 1st period - Snap shot by Vincent Trocheck.
15:15 of 1st period - Stopped by Frederik Andersen without a rebound.
15:16 of 1st period - Alexander Steen wins face-off versus Evgeni Malkin in Blackhawks zone.
15:16 of 1st period - Alexander Steen is hit by Brandon Carlo.
15:23 of 1st period - Penalty Shot by Patrick Kane for Flyers.
15:23 of 1st period - Snap shot by Patrick Kane.
15:23 of 1st period - Stopped by Frederik Andersen.
15:24 of 1st period - Evgeni Malkin wins face-off versus Alexander Steen in Flyers zone.
16:45 of 1st period - Snap shot by Vladislav Namestnikov.
16:45 of 1st period - Deflect By Brett Connolly.
16:45 of 1st period - Shot Misses the Net.
16:45 of 1st period - Puck is out of play.
16:46 of 1st period - Vladislav Namestnikov wins face-off versus Evgeni Malkin in Flyers zone.
17:11 of 1st period - Slapshot by Chris Kunitz.
17:11 of 1st period - Stopped by Matt Murray without a rebound.
17:12 of 1st period - Elias Lindholm wins face-off versus Alexander Steen in Flyers zone.
17:19 of 1st period - Snap shot by Vincent Trocheck.
17:19 of 1st period - Stopped by Frederik Andersen with a rebound.
17:21 of 1st period - Wrist shot by Elias Lindholm.
17:21 of 1st period - Shot Blocked by Derek Forbort.
17:31 of 1st period - Wrist shot by Vincent Trocheck.
17:31 of 1st period - Stopped by Frederik Andersen without a rebound.
17:32 of 1st period - Evgeni Malkin wins face-off versus Cam Atkinson in Blackhawks zone.
17:47 of 1st period - Evgeni Malkin is hit by Andy Greene and loses puck.
18:20 of 1st period - Niklas Hjalmarsson is hit by Charlie Coyle and loses puck.
18:48 of 1st period - Vladislav Namestnikov is hit by Brandon Carlo and loses puck.
19:07 of 1st period - Wrist shot by Henrik Zetterberg.
19:07 of 1st period - Stopped by Matt Murray without a rebound.
19:08 of 1st period - Alexander Steen wins face-off versus Vincent Trocheck in Flyers zone.
19:09 of 1st period - Slapshot by Zach Parise.
19:09 of 1st period - Stopped by Matt Murray without a rebound.
19:10 of 1st period - Alexander Steen wins face-off versus Vincent Trocheck in Flyers zone.
19:15 of 1st period - Snap shot by Alexander Steen.
19:15 of 1st period - Shot Misses the Net.
19:17 of 1st period - Snap shot by Andy Greene.
19:17 of 1st period - Stopped by Matt Murray with a rebound.
19:21 of 1st period - Slapshot by Alexander Steen.
19:21 of 1st period - Shot Misses the Net.
19:43 of 1st period - Snap shot by Henrik Zetterberg.
19:43 of 1st period - Stopped by Matt Murray with a rebound.
19:55 of 1st period - Wrist shot by Carl Hagelin.
19:55 of 1st period - Shot Blocked by TJ Brodie.
Goals for this period are 1 for Flyers vs 0 for Blackhawks.
Shots for this period are 8 for Flyers vs 13 for Blackhawks.

2nd period


0:01 of 2nd period - Evgeni Malkin wins face-off versus Alexander Steen in neutral zone.
0:06 of 2nd period - Andrew Shaw is hit by Michael Matheson and loses puck.
0:11 of 2nd period - Wrist shot by Patrick Kane.
0:11 of 2nd period - Stopped by Frederik Andersen without a rebound.
0:12 of 2nd period - Evgeni Malkin wins face-off versus Eric Staal in Blackhawks zone.
0:25 of 2nd period - Snap shot by Eric Staal.
0:25 of 2nd period - Shot Misses the Net.
1:21 of 2nd period - Snap shot by Brett Connolly.
1:21 of 2nd period - Stopped by Matt Murray with a rebound.
1:49 of 2nd period - Snap shot by Evgeni Malkin.
1:49 of 2nd period - Shot Blocked by Andy Greene.
2:23 of 2nd period - Carl Hagelin is hit by Darnell Nurse and loses puck.
2:28 of 2nd period - Wrist shot by Charlie Coyle.
2:28 of 2nd period - Shot Blocked by Ryan Ellis.
2:30 of 2nd period - Snap shot by Charlie Coyle.
2:30 of 2nd period - Shot Misses the Net.
3:31 of 2nd period - Wrist shot by Alexander Steen.
3:31 of 2nd period - Shot Misses the Net.
3:33 of 2nd period - Wrist shot by Andrew Shaw.
3:33 of 2nd period - Stopped by Matt Murray without a rebound.
3:34 of 2nd period - Evgeni Malkin wins face-off versus Alexander Steen in Flyers zone.
4:01 of 2nd period - Cam Atkinson is hit by Brandon Carlo and loses puck.
4:08 of 2nd period - Snap shot by Vincent Trocheck.
4:08 of 2nd period - Stopped by Frederik Andersen with a rebound.
4:10 of 2nd period - Wrist shot by Elias Lindholm.
4:10 of 2nd period - Deflect By Cam Atkinson.
4:10 of 2nd period - Shot Misses the Net.
4:10 of 2nd period - Puck is out of play.
4:11 of 2nd period - Evgeni Malkin wins face-off versus Zach Parise in Blackhawks zone.
4:20 of 2nd period - Slapshot by Patrick Kane.
4:20 of 2nd period - Stopped by Frederik Andersen with a rebound.
4:22 of 2nd period - Slapshot by Patrick Kane.
4:22 of 2nd period - Shot Misses the Net.
4:24 of 2nd period - Slapshot by Michael Matheson.
4:24 of 2nd period - Shot Misses the Net.
4:26 of 2nd period - Backhand shot by Patrick Kane.
4:26 of 2nd period - Stopped by Frederik Andersen with a rebound.
6:13 of 2nd period - Snap shot by Cam Atkinson.
6:13 of 2nd period - Shot Blocked by Darnell Nurse.
6:15 of 2nd period - Slapshot by Andy Greene.
6:15 of 2nd period - Stopped by Matt Murray without a rebound.
6:16 of 2nd period - Casey Cizikas wins face-off versus Yanni Gourde in Flyers zone.
6:31 of 2nd period - Snap shot by Casey Cizikas.
6:31 of 2nd period - Stopped by Frederik Andersen with a rebound.
7:31 of 2nd period - Snap shot by Leon Draisaitl.
7:31 of 2nd period - Stopped by Frederik Andersen without a rebound.
7:32 of 2nd period - Eric Staal wins face-off versus Vincent Trocheck in Blackhawks zone.
7:51 of 2nd period - Snap shot by Leon Draisaitl.
7:51 of 2nd period - Stopped by Frederik Andersen with a rebound.
7:53 of 2nd period - Snap shot by Justin Faulk.
7:53 of 2nd period - Stopped by Frederik Andersen with a rebound.
7:55 of 2nd period - Slapshot by Justin Faulk.
7:55 of 2nd period - Shot Misses the Net.
7:57 of 2nd period - Slapshot by Elias Lindholm.
7:57 of 2nd period - Deflect By Leon Draisaitl.
7:57 of 2nd period - Stopped by Frederik Andersen with a rebound.
8:05 of 2nd period - Snap shot by Henrik Zetterberg.
8:05 of 2nd period - Stopped by Matt Murray without a rebound.
8:06 of 2nd period - Alexander Steen wins face-off versus Evgeni Malkin in Flyers zone.
8:09 of 2nd period - Snap shot by Alexander Steen.
8:09 of 2nd period - Shot Misses the Net.
8:19 of 2nd period - Zach Parise is hit by Brandon Carlo and loses puck.
8:42 of 2nd period - Slapshot by Travis Konecny.
8:42 of 2nd period - Stopped by Frederik Andersen with a rebound.
8:44 of 2nd period - Snap shot by Brendan Perlini.
8:44 of 2nd period - Deflect By Ivan Barbashev.
8:44 of 2nd period - Shot Misses the Net.
8:44 of 2nd period - Puck is out of play.
8:45 of 2nd period - Evgeni Malkin wins face-off versus Eric Staal in Blackhawks zone.
9:41 of 2nd period - Wrist shot by Vladislav Namestnikov.
9:41 of 2nd period - Deflect By Chris Kunitz.
9:41 of 2nd period - Stopped by Matt Murray with a rebound.
9:43 of 2nd period - Snap shot by Chris Kunitz.
9:43 of 2nd period - Stopped by Matt Murray with a rebound.
9:53 of 2nd period - Andy Greene is hit by Brendan Perlini.
10:01 of 2nd period - Snap shot by Travis Konecny.
10:01 of 2nd period - Stopped by Frederik Andersen with a rebound.
10:03 of 2nd period - Slapshot by Michael Matheson.
10:03 of 2nd period - Shot Blocked by Marc Methot.
10:40 of 2nd period - Wrist shot by Henrik Zetterberg.
10:40 of 2nd period - Stopped by Matt Murray without a rebound.
10:41 of 2nd period - Vincent Trocheck wins face-off versus Eric Staal in Flyers zone.
10:50 of 2nd period - Snap shot by Leon Draisaitl.
10:50 of 2nd period - Shot Misses the Net.
11:22 of 2nd period - Snap shot by Alexander Steen.
11:22 of 2nd period - Stopped by Matt Murray with a rebound.
11:24 of 2nd period - Snap shot by Zach Parise.
11:24 of 2nd period - Shot Blocked by Brandon Carlo.
11:26 of 2nd period - Slapshot by Andy Greene.
11:26 of 2nd period - Stopped by Matt Murray without a rebound.
11:27 of 2nd period - Casey Cizikas wins face-off versus Yanni Gourde in Flyers zone.
11:27 of 2nd period - Casey Cizikas is hit by Sven Andrighetto.
12:15 of 2nd period - Off-side.
12:16 of 2nd period - Vincent Trocheck wins face-off versus Eric Staal in neutral zone.
12:38 of 2nd period - Elias Lindholm is hit by Cam Atkinson.
12:42 of 2nd period - Brandon Davidson is hit by Vincent Trocheck.
12:52 of 2nd period - Snap shot by Cam Atkinson.
12:52 of 2nd period - Shot Misses the Net.
13:43 of 2nd period - Slapshot by Ryan Ellis.
13:43 of 2nd period - Shot Blocked by Elias Lindholm.
13:51 of 2nd period - Slapshot by Leon Draisaitl.
13:51 of 2nd period - Stopped by Frederik Andersen without a rebound.
13:52 of 2nd period - Casey Cizikas wins face-off versus Alexander Steen in Blackhawks zone.
14:17 of 2nd period - Brandon Carlo is hit by Yanni Gourde and loses puck.
14:48 of 2nd period - Wrist shot by Vladislav Namestnikov.
14:48 of 2nd period - Deflect By Ivan Barbashev.
14:48 of 2nd period - Stopped by Matt Murray without a rebound.
14:49 of 2nd period - Casey Cizikas wins face-off versus Alexander Steen in Flyers zone.
14:54 of 2nd period - Snap shot by Zach Parise.
14:54 of 2nd period - Deflect By Alexander Steen.
14:54 of 2nd period - Stopped by Matt Murray with a rebound.
14:56 of 2nd period - Snap shot by Zach Parise.
14:56 of 2nd period - Stopped by Matt Murray without a rebound.
14:57 of 2nd period - Casey Cizikas wins face-off versus Alexander Steen in Flyers zone.
15:10 of 2nd period - Snap shot by Casey Cizikas.
15:10 of 2nd period - Stopped by Frederik Andersen with a rebound.
15:28 of 2nd period - Wrist shot by Yanni Gourde.
15:28 of 2nd period - Shot Misses the Net.
15:52 of 2nd period - Wrist shot by Travis Konecny.
15:52 of 2nd period - Stopped by Frederik Andersen with a rebound.
16:35 of 2nd period - Slapshot by Vincent Trocheck.
16:35 of 2nd period - Shot Misses the Net.
17:32 of 2nd period - Slapshot by Calle Jarnkrok.
17:32 of 2nd period - Deflect By Charlie Coyle.
17:32 of 2nd period - Stopped by Frederik Andersen without a rebound.
17:33 of 2nd period - Cam Atkinson wins face-off versus Casey Cizikas in Blackhawks zone.
18:07 of 2nd period - Snap shot by Cam Atkinson.
18:07 of 2nd period - Shot Misses the Net.
18:09 of 2nd period - Snap shot by Henrik Zetterberg.
18:09 of 2nd period - Stopped by Matt Murray without a rebound.
18:10 of 2nd period - Evgeni Malkin wins face-off versus Alexander Steen in Flyers zone.
18:21 of 2nd period - Snap shot by Evgeni Malkin.
18:21 of 2nd period - Shot Misses the Net.
18:42 of 2nd period - Leon Draisaitl is hit by Yanni Gourde and loses puck.
19:02 of 2nd period - P.K. Subban is hit by Chris Kunitz and loses puck.
19:19 of 2nd period - Slapshot by Alexander Steen.
19:19 of 2nd period - Shot Blocked by Travis Konecny.
19:33 of 2nd period - Wrist shot by Travis Konecny.
19:33 of 2nd period - Stopped by Frederik Andersen with a rebound.
19:35 of 2nd period - Snap shot by Travis Konecny.
19:35 of 2nd period - Stopped by Frederik Andersen without a rebound.
19:36 of 2nd period - Evgeni Malkin wins face-off versus Eric Staal in Blackhawks zone.
19:41 of 2nd period - Wrist shot by Patrick Kane.
19:41 of 2nd period - Shot Misses the Net.
19:43 of 2nd period - Snap shot by Filip Forsberg.
19:43 of 2nd period - Stopped by Frederik Andersen without a rebound.
19:44 of 2nd period - Evgeni Malkin wins face-off versus Eric Staal in Blackhawks zone.
Goals for this period are 0 for Flyers vs 0 for Blackhawks.
Shots for this period are 18 for Flyers vs 13 for Blackhawks.

3rd period


0:01 of 3rd period - Evgeni Malkin wins face-off versus Alexander Steen in neutral zone.
0:33 of 3rd period - Brandon Carlo is hit by Eric Staal and loses puck.
0:52 of 3rd period - Brandon Carlo is hit by Andy Greene.
1:26 of 3rd period - Brendan Perlini is hit by Carl Hagelin and loses puck.
1:51 of 3rd period - Niklas Hjalmarsson is hit by Justin Faulk and loses puck.
2:27 of 3rd period - Snap shot by Vladislav Namestnikov.
2:27 of 3rd period - Shot Misses the Net.
2:29 of 3rd period - Slapshot by Andy Greene.
2:29 of 3rd period - Deflect By Vladislav Namestnikov.
2:29 of 3rd period - Shot Misses the Net.
2:29 of 3rd period - Puck is out of play.
2:30 of 3rd period - Leon Draisaitl wins face-off versus Alexander Steen in Flyers zone.
3:16 of 3rd period - Snap shot by Alexander Steen.
3:16 of 3rd period - Stopped by Matt Murray without a rebound.
3:17 of 3rd period - Eric Staal wins face-off versus Filip Forsberg in Flyers zone.
3:32 of 3rd period - Snap shot by Henrik Zetterberg.
3:32 of 3rd period - Shot Misses the Net.
3:34 of 3rd period - Snap shot by Ryan Ellis.
3:34 of 3rd period - Shot Misses the Net.
3:44 of 3rd period - Carl Hagelin is hit by Darnell Nurse and loses puck.
4:00 of 3rd period - Icing by Darnell Nurse.
4:01 of 3rd period - Ivan Barbashev wins face-off versus Vladislav Namestnikov in Flyers zone.
4:01 of 3rd period - Ivan Barbashev is hit by Brandon Davidson.
5:19 of 3rd period - Snap shot by Justin Faulk.
5:19 of 3rd period - Shot Misses the Net.
5:53 of 3rd period - Snap shot by Casey Cizikas.
5:53 of 3rd period - Stopped by Frederik Andersen without a rebound.
5:54 of 3rd period - Filip Forsberg wins face-off versus Alexander Steen in Blackhawks zone.
5:57 of 3rd period - Wrist shot by Patrick Kane.
5:57 of 3rd period - Stopped by Frederik Andersen with a rebound.
6:03 of 3rd period - Wrist shot by Alexander Steen.
6:03 of 3rd period - Stopped by Matt Murray without a rebound.
6:04 of 3rd period - Alexander Steen wins face-off versus Evgeni Malkin in Flyers zone.
6:07 of 3rd period - Wrist shot by Alexander Steen.
6:07 of 3rd period - Goal by Alexander Steen - Flyers : 1 - Blackhawks : 1.
6:08 of 3rd period - Evgeni Malkin wins face-off versus Andrew Shaw in neutral zone.
6:10 of 3rd period - Off-side.
6:11 of 3rd period - Filip Forsberg wins face-off versus Alexander Steen in neutral zone.
6:26 of 3rd period - Wrist shot by Patrick Kane.
6:26 of 3rd period - Deflect By Evgeni Malkin.
6:26 of 3rd period - Stopped by Frederik Andersen with a rebound.
6:44 of 3rd period - Slapshot by Travis Konecny.
6:44 of 3rd period - Stopped by Frederik Andersen without a rebound.
6:45 of 3rd period - Yanni Gourde wins face-off versus Brendan Perlini in Blackhawks zone.
6:56 of 3rd period - Wrist shot by Brendan Perlini.
6:56 of 3rd period - Shot Misses the Net.
7:42 of 3rd period - Wrist shot by Travis Konecny.
7:42 of 3rd period - Shot Misses the Net.
7:44 of 3rd period - Slapshot by Darnell Nurse.
7:44 of 3rd period - Shot Blocked by Marc Methot.
7:46 of 3rd period - Wrist shot by Brendan Perlini.
7:46 of 3rd period - Shot Misses the Net.
7:48 of 3rd period - Snap shot by Brendan Perlini.
7:48 of 3rd period - Shot Blocked by Marc Methot.
7:50 of 3rd period - Wrist shot by Ivan Barbashev.
7:50 of 3rd period - Shot Misses the Net.
7:52 of 3rd period - Snap shot by Travis Konecny.
7:52 of 3rd period - Stopped by Frederik Andersen with a rebound.
7:54 of 3rd period - Wrist shot by Ivan Barbashev.
7:54 of 3rd period - Stopped by Frederik Andersen without a rebound.
7:55 of 3rd period - Evgeni Malkin wins face-off versus Alexander Steen in Blackhawks zone.
7:58 of 3rd period - Snap shot by Patrick Kane.
7:58 of 3rd period - Stopped by Frederik Andersen without a rebound.
7:59 of 3rd period - Alexander Steen wins face-off versus Evgeni Malkin in Blackhawks zone.
9:33 of 3rd period - Wrist shot by Vladislav Namestnikov.
9:33 of 3rd period - Stopped by Matt Murray without a rebound.
9:34 of 3rd period - Vladislav Namestnikov wins face-off versus Casey Cizikas in Flyers zone.
10:05 of 3rd period - Snap shot by Calle Jarnkrok.
10:05 of 3rd period - Stopped by Frederik Andersen without a rebound.
10:06 of 3rd period - Vincent Trocheck wins face-off versus Andrew Shaw in Blackhawks zone.
10:09 of 3rd period - Snap shot by Vincent Trocheck.
10:09 of 3rd period - Stopped by Frederik Andersen without a rebound.
10:10 of 3rd period - Alexander Steen wins face-off versus Vincent Trocheck in Blackhawks zone.
10:19 of 3rd period - Snap shot by Zach Parise.
10:19 of 3rd period - Stopped by Matt Murray with a rebound.
11:20 of 3rd period - Snap shot by Eric Staal.
11:20 of 3rd period - Shot Misses the Net.
11:26 of 3rd period - Wrist shot by Eric Staal.
11:26 of 3rd period - Stopped by Matt Murray without a rebound.
11:27 of 3rd period - Leon Draisaitl wins face-off versus Alexander Steen in Flyers zone.
12:36 of 3rd period - Snap shot by Leon Draisaitl.
12:36 of 3rd period - Shot Misses the Net.
12:38 of 3rd period - Slapshot by Vincent Trocheck.
12:38 of 3rd period - Shot Misses the Net.
12:40 of 3rd period - Slapshot by Brandon Carlo.
12:40 of 3rd period - Shot Blocked by Vladislav Namestnikov.
13:24 of 3rd period - Snap shot by Sven Andrighetto.
13:24 of 3rd period - Shot Blocked by TJ Brodie.
13:26 of 3rd period - Slapshot by Ryan Ellis.
13:26 of 3rd period - Stopped by Matt Murray without a rebound.
13:27 of 3rd period - Eric Staal wins face-off versus Vincent Trocheck in Flyers zone.
14:06 of 3rd period - Snap shot by Carl Hagelin.
14:06 of 3rd period - Shot Blocked by Darnell Nurse.
15:04 of 3rd period - Wrist shot by Travis Konecny.
15:04 of 3rd period - Stopped by Frederik Andersen without a rebound.
15:05 of 3rd period - Yanni Gourde wins face-off versus Evgeni Malkin in Blackhawks zone.
15:20 of 3rd period - Snap shot by Patrick Kane.
15:20 of 3rd period - Stopped by Frederik Andersen with a rebound.
15:22 of 3rd period - Wrist shot by Filip Forsberg.
15:22 of 3rd period - Goal by Filip Forsberg - Flyers : 2 - Blackhawks : 1.
15:23 of 3rd period - Calle Jarnkrok wins face-off versus Yanni Gourde in neutral zone.
15:48 of 3rd period - Filip Forsberg is hit by Eric Staal and loses puck.
16:15 of 3rd period - Andy Greene is hit by Brandon Carlo and loses puck.
17:15 of 3rd period - Filip Forsberg is hit by Brandon Davidson.
17:25 of 3rd period - Darnell Nurse is hit by Andrew Shaw and loses puck.
18:16 of 3rd period - TJ Brodie is hit by Niklas Hjalmarsson and loses puck.
18:54 of 3rd period - Minor Penalty to Eric Staal for Holding.
18:55 of 3rd period - Evgeni Malkin wins face-off versus Chris Kunitz in Blackhawks zone.
19:38 of 3rd period - Snap shot by Leon Draisaitl.
19:38 of 3rd period - Stopped by Frederik Andersen without a rebound.
19:39 of 3rd period - Bruce Boudreau call a timeout for Blackhawks.
19:39 of 3rd period - Alexander Steen wins face-off versus Evgeni Malkin in Blackhawks zone.
Goals for this period are 1 for Flyers vs 1 for Blackhawks.
Shots for this period are 13 for Flyers vs 7 for Blackhawks.